 Dungeon Crawl Stone Soup version 0.23.2-33-g5129a83184 (webtiles) character file.

Game seed: 18031634844241826980

2492 Gwenloh the Blocker (level 9, -11/78 HPs)
             Began as a Hill Orc Fighter on July 13, 2019.
             Was a Follower of Uskayaw.
             Mangled by a wyvern (13 damage)
             ... on level 7 of the Dungeon.
             The game lasted 00:22:54 (7129 turns).

Gwenloh the Blocker (Hill Orc Fighter)              Turns: 7129, Time: 00:22:54

Health: -11/78     AC: 13    Str: 19    XL:     9   Next: 52%
Magic:  10/13      EV:  6    Int:  8    God:    Uskayaw [*.....]
Gold:   306        SH: 11    Dex: 13    Spells: 8/8 levels left

rFire    . . .     SeeInvis .   a - +0 war axe
rCold    . . .     Gourm    .   c - +0 shield
rNeg     . . .     Faith    .   o - +0 chain mail
rPois    .         Spirit   .   l - +0 helmet
rElec    .         Reflect  .   j - +0 cloak
rCorr    .         Harm     .   (no gloves)
MR       .....                  (no boots)
Stlth    ..........             (no amulet)
HPRegen  0.23/turn              (no ring)
MPRegen  0.13/turn              (no ring)

@: no status effects
A: no striking features
a: Stomp, Renounce Religion


You were on level 7 of the Dungeon.
You worshipped Uskayaw.
Uskayaw was noncommittal.
You were hungry.

You visited 1 branch of the dungeon, and saw 7 of its levels.

You collected 306 gold pieces.

Inventory:

Hand Weapons
 a - a +0 war axe (weapon)
 b - a +0 hunting sling
 d - a +1 flail of protection
 s - a +0 whip of electrocution
Missiles
 e - 56 sling bullets
 h - 173 stones (quivered)
Armour
 c - a +0 shield (worn)
 j - a +0 cloak (worn)
 l - a +0 helmet (worn)
 o - a +0 chain mail (worn)
Jewellery
 k - a +2 amulet of reflection {unknown}
 x - an uncursed amulet of regeneration {unknown}
Wands
 v - a wand of disintegration (18)
 y - a wand of paralysis (7)
Scrolls
 i - 5 scrolls of identify
 m - 3 scrolls of remove curse
 n - 2 scrolls of teleportation
 p - a scroll of magic mapping
 q - a scroll of fog {unknown}
 r - a scroll of immolation {unknown}
 u - a scroll of blinking
 w - a scroll of enchant armour {unknown}
Potions
 g - 5 potions of curing
 t - a potion of brilliance
Comestibles
 f - 10 rations


   Skills:
 + Level 6.7 Fighting
 + Level 6.8 Axes
 * Level 8.1 Armour
 * Level 8.2 Shields
 + Level 5.5 Invocations


You had 8 spell levels left.
You didn't know any spells.
Your spell library was empty.

Dungeon Overview and Level Annotations

Branches:
Dungeon (7/15)             Temple (0/1) D:6

Altars:
Makhleb
Ru
Uskayaw
Vehumet
Wu Jian
Yredelemnul
The Shining One

Shops:
D:4 *


Message History

The wyvern is heavily wounded.
The wyvern bites you but does no damage.
The wyvern closely misses you.
Your shield and chain mail prevent you from hitting the wyvern.
The wyvern is heavily wounded.
The wyvern completely misses you.
The wyvern bites you but does no damage.
You hit the wyvern but do no damage.
The wyvern is heavily wounded.
The wyvern barely misses you. The wyvern bites you!
* * * LOW HITPOINT WARNING * * *
You barely miss the wyvern.
The wyvern is heavily wounded.
The wyvern bites you.
* * * LOW HITPOINT WARNING * * *
The wyvern barely misses you.
You hit the wyvern but do no damage.
The wyvern is heavily wounded.
The wyvern bites you!
You die...

... #.# #
#.##### #.
#.....
##.##...###
#...#.....#####
#............
#...#%....###
##.
#@.#.####### #
#l†........#
#.#####.##.#
#.# #.##.# #
#.# #.##.# #
#.# #.##.# #.#
#.##.# #.#
#.##.# #.#
#.##.####


You could see a wyvern.

Vanquished Creatures
  Pikel (D:6)
  A troll (D:7)
  Sigmund (D:5)
  Edmund (D:5)
  A black bear (D:6)
  3 phantoms
  An ice beast (D:5)
  An orc warrior (D:6)
  2 ogres
  A centaur (D:5)
  2 bullfrogs
  3 crimson imps
  A hound (D:6)
  2 orc wizards
  2 orc priests (D:7)
  Crazy Yiuf (D:3)
  2 iguanas
  4 worker ants
  A hound skeleton (D:5)
  4 adders
  4 gnolls (D:3)
  An adder zombie (D:6)
  An ooze (D:1)
  2 worms (D:2)
  3 dart slugs
  6 leopard geckos
  18 orcs
  6 bats
  2 giant cockroaches
  11 goblins
  13 hobgoblins
  4 jackals (D:2)
  A quokka (D:5)
  2 ball pythons
  4 frilled lizards
  5 kobolds
  A quokka skeleton (D:4)
  8 rats
127 creatures vanquished.

Vanquished Creatures (others)
  A bullfrog (D:6)
1 creature vanquished.

Grand Total: 128 creatures vanquished

Notes
Turn   | Place    | Note
-------+----------+-------------------------------------------
     0 | D:1      | Gwenloh the Hill Orc Fighter began the quest for the Orb.
     0 | D:1      | Reached XP level 1. HP: 19/19 MP: 1/1
   410 | D:1      | Reached XP level 2. HP: 25/27 MP: 2/2
   745 | D:1      | Reached XP level 3. HP: 33/33 MP: 3/3
   903 | D:2      | Noticed a +0 dagger
   903 | D:2      | Noticed a +0 dagger
   908 | D:2      | Found a hide-covered altar of Uskayaw.
   969 | D:2      | Became a worshipper of Uskayaw the Reveler
  1092 | D:2      | Found a faded altar of an unknown god.
  1112 | D:2      | Reached * piety under Uskayaw
  1315 | D:2      | Found a burning altar of Makhleb.
  1315 | D:2      | Noticed a balrug
  1324 | D:2      | Noticed a ynoxinul
  1324 | D:2      | Noticed a ynoxinul
  1625 | D:3      | Reached XP level 4. HP: 40/40 MP: 4/4
  1659 | D:3      | Reached ** piety under Uskayaw
  1663 | D:3      | Reached *** piety under Uskayaw
  1881 | D:3      | Found a glowing golden altar of the Shining One.
  2116 | D:3      | Reached XP level 5. HP: 46/46 MP: 5/5
  2378 | D:3      | Found a runed translucent door.
  2379 | D:3      | Noticed Crazy Yiuf
  2751 | D:3      | Killed Crazy Yiuf
  2751 | D:3      | Reached skill level 1 in Invocations
  2814 | D:4      | Noticed a phantom
  2855 | D:3      | Killed a phantom
  2855 | D:3      | Reached XP level 6. HP: 29/53 MP: 2/7
  2995 | D:4      | Found Fookhludgh's Elemental Accessories.
  3097 | D:4      | Reached skill level 5 in Armour
  3097 | D:4      | Reached skill level 5 in Shields
  3932 | D:5      | Entered Level 5 of the Dungeon
  3946 | D:5      | Noticed a phantom
  3984 | D:5      | Reached XP level 7. HP: 33/60 MP: 8/8
  4059 | D:5      | Reached skill level 5 in Fighting
  4077 | D:5      | Reached **** piety under Uskayaw
  4353 | D:5      | Reached skill level 5 in Axes
  4622 | D:5      | Noticed Sigmund
  4628 | D:5      | Killed Sigmund
  4628 | D:5      | Reached XP level 8. HP: 69/69 MP: 10/10
  4649 | D:5      | Noticed Edmund
  4660 | D:5      | Killed Edmund
  4824 | D:5      | Found a basalt altar of Yredelemnul.
  4945 | D:6      | Found a staircase to the Ecumenical Temple.
  5039 | D:6      | Noticed Pikel
  5064 | D:6      | HP: 1/70 [Pikel/+0 whip of electrocution (15)]
  5077 | D:6      | Killed Pikel
  5077 | D:6      | Reached XP level 9. HP: 23/75 MP: 12/12
  5335 | D:6      | Found an ornate altar of the Wu Jian Council.
  5336 | D:6      | Found a radiant altar of Vehumet.
  5794 | D:6      | Reached skill level 5 in Invocations
  6450 | D:7      | Found a sacrificial altar of Ru.
  6809 | D:7      | Noticed a troll
  6828 | D:7      | Killed a troll
  7128 | D:7      | HP: 1/78 [wyvern (4)]
  7129 | D:7      | Mangled by a wyvern

Skill      XL: |  1  2  3  4  5  6  7  8  9 |
---------------+----------------------------+-----
Axes           | 3 4 5 6 |  6.8
Fighting       | 4 5 6 |  6.7
Shields        | 4 5 6 7 8 |  8.2
Armour         | 4 5 6 7 8 |  8.1
Invocations    | 1 2 3 4 5 |  5.5

Action                   |  1- 3 |  4- 6 |  7- 9 || total
-------------------------+-------+-------+-------++-------
Melee: War axe           |   119 |   126 |   276 ||   521
 Fire: Hunting sling     |       |     5 |     3 ||     8
Throw: Stone             |     4 |       |       ||     4
Invok: Stomp             |       |     3 |     6 ||     9
       Line Pass         |       |       |     3 ||     3
  Use: Scroll            |       |     7 |     2 ||     9
       Potion            |       |       |     2 ||     2
 Stab: Paralysed         |       |       |     3 ||     3
       Confused          |       |       |     1 ||     1
  Eat: Chunk             |     2 |     8 |    12 ||    22
Armor: Scale mail        |    45 |    32 |       ||    77
       Chain mail        |       |    19 |   165 ||   184
Dodge: Dodged            |    30 |    26 |    60 ||   116
Block: Shield            |    70 |    60 |   174 ||   304
